AoeStats
← $MOKECHEDDATHAA$$GETTA

Four Lakes

508396733Analyzed
1v1 RM · 9d ago on Sep 22, 2026· 37m 24s· 2 players
Game mode
Random Map
Map size
Tiny (2 player)
Population
200
Speed
Normal
Resources
Standard
Victory
Conquest
Starting age
Dark Age
Ending age
Imperial Age
RankedLock teamsTeams togetherTeam positionsShared explorationLock speedFull tech treeHidden civsTurbo modeCheats
Victory
Defeat
🇩🇪 Tatars · Germany
919
+15
🇩🇪 Franks · Germany
892
-15
[GK] antexxxx
11:43 Feudal Age
12:30 Double-Bit Axe
12:37 Loom
14:24 Fishing Lines
14:41 Gold Mining
22:10 Castle Age
20:10 Stone Mining
23:46 Wheelbarrow
24:17 Bow Saw
24:33 Husbandry
23:55 Light Cavalry
25:43 Scale Barding Armor
25:30 Fletching
25:57 Forging
26:52 Hand Cart
26:23 Town Watch
26:23 Elite Skirmisher
31:56 Imperial Age
30:18 Gold Shaft Mining
30:24 Fervor
30:35 Bodkin Arrow
30:42 Padded Archer Armor
32:10 Ballistics
33:58 Chemistry
32:28 Cavalier
32:32 Pikeman
33:13 Squires
34:31 Leather Archer Armor
34:37 Chain Barding Armor
34:53 Iron Casting
$MOKECHEDDATHAA$$GETTA
10:32 Loom
12:34 Feudal Age
15:10 Double-Bit Axe
17:29 Castle Age
15:51 Gold Mining
18:34 Fletching
18:44 Padded Archer Armor
19:40 Gold Shaft Mining
18:52 Fishing Lines
21:57 Squires
23:27 Gillnets
23:43 Bodkin Arrow
24:04 Leather Archer Armor
24:15 Bow Saw
23:57 Stone Mining
25:47 Forging
25:39 Scale Mail Armor
26:14 Ballistics
26:04 Horse Collar
27:24 Wheelbarrow
28:58 Hand Cart
29:11 Murder Holes
29:19 Town Watch
30:12 Scale Barding Armor
30:43 Iron Casting
31:38 Chain Barding Armor
31:28 Silk Armor
31:39 Husbandry
31:50 Bloodlines
38:37 Imperial Age
Connection lost

Rejoining the realm…

Still unreachable

The connection could not be restored.

Session expired

The server has moved on; the page needs a fresh start.